TOP OF THE 1ST |
San Diego (APP) Padres batting - Pitching for Grand Junction Rockies : RHP Julio Marquez
|
Pitching: RHP Julio Marquez
|
|
Batting: RHB Alex Collazo
|
0-0: Called Strike 0-1: Ball 1-1: Ball 2-1: DOUBLE (Line Drive, 89M, EV 103.1 MPH)
|
Batting: RHB Brian Klinkner
|
0-0: Ball 1-0: Foul Ball, location: 2F 1-1: 2-RUN HOME RUN (Flyball, 7D, EV 101.2 MPH), Distance : 392 ft
|
Batting: LHB Justin Daley
|
0-0: Foul Ball, location: 2F 0-1: Ball 1-1: DOUBLE (Line Drive, 5D, EV 95.6 MPH)
|
Batting: RHB Eric McMillian
|
0-0: Ball 1-0: Called Strike 1-1: Ball 2-1: Ball 3-1: Fly out, F8 (Line Drive, 8RM, EV 87.5 MPH)
|
Batting: RHB Phil McFadden
|
0-0: Foul Ball, location: 2F 0-1: Called Strike 0-2: Ball 1-2: Foul Ball, location: 2F 1-2: 2-RUN HOME RUN (Flyball, 7D, EV 98.1 MPH), Distance : 390 ft
|
Batting: RHB Norinaga Yamakawakamatsu
|
0-0: SINGLE (Groundball, 6MD, EV 100.0 MPH)
|
Batting: RHB Ed Oake
|
0-0: Ball 1-0: Ball 2-0: Ball 3-0: Called Strike 3-1: Called Strike 3-2: Base on Balls Norinaga Yamakawakamatsu to second
|
Batting: RHB Brian DeVoe
|
0-0: Foul Ball, location: 2F 0-1: Called Strike 0-2: Foul Ball, location: 2F 0-2: Ball 1-2: Strikes out swinging
|
Batting: RHB Gabriel Diaz
|
0-0: Ball 1-0: SINGLE (Line Drive, 9S, EV 85.6 MPH) Norinaga Yamakawakamatsu to third Ed Oake to second Runner from 3rd tries for Home, SAFE, throw by RF to home
|
Pitching: RHP David Landa
|
|
Batting: RHB Alex Collazo
|
0-0: Ball 1-0: Foul Ball, location: 2F 1-1: Ball 2-1: Called Strike 2-2: Ball 3-2: Base on Balls Ed Oake to third Gabriel Diaz to second
|
Batting: RHB Brian Klinkner
|
0-0: Called Strike 0-1: Swinging Strike 0-2: Strikes out swinging
|
Top of the 1st over - 5 runs, 6 hits, 0 errors, 3 left on base; San Diego (APP) 5 - Grand Junction 0 |
BOTTOM OF THE 1ST |
Grand Junction Rockies batting - Pitching for San Diego (APP) Padres : RHP Russell MacKay
|
Pitching: RHP Russell MacKay
|
|
Batting: SHB Rich McDonald
|
0-0: Ball 1-0: Foul Ball, location: 2F 1-1: Foul Ball, location: 2F 1-2: Foul Ball, location: 2F 1-2: Foul Ball, location: 2F 1-2: Strikes out looking
|
Batting: LHB Georges Lambert
|
0-0: Swinging Strike 0-1: Ball 1-1: Swinging Strike 1-2: Strikes out swinging
|
Batting: RHB Dan Hoffman
|
0-0: Ball 1-0: Called Strike 1-1: Ball 2-1: Ball 3-1: Foul Ball, location: 2F 3-2: Base on Balls
|
Batting: RHB Edwin Bejarano
|
0-0: Swinging Strike 0-1: Ground out 1-3 (Groundball, 15S, EV 71.2 MPH)
|
Bottom of the 1st over - 0 runs, 0 hits, 0 errors, 1 left on base; San Diego (APP) 5 - Grand Junction 0 |
TOP OF THE 2ND |
San Diego (APP) Padres batting - Pitching for Grand Junction Rockies : RHP David Landa
|
Batting: LHB Justin Daley
|
0-0: Ball 1-0: Ball 2-0: Swinging Strike 2-1: Called Strike 2-2: Ball 3-2: DOUBLE (Line Drive, 5D, EV 93.8 MPH)
|
Batting: RHB Eric McMillian
|
0-0: Called Strike 0-1: Ball 1-1: Foul Ball, location: 2F 1-2: Ground out 5-3 (Groundball, 56, EV 79.4 MPH)
|
Batting: RHB Phil McFadden
|
0-0: Called Strike 0-1: Ball Wild Pitch! Justin Daley to third 1-1: Ball 2-1: Foul Ball, location: 2F 2-2: Strikes out looking
|
Batting: RHB Norinaga Yamakawakamatsu
|
0-0: Called Strike 0-1: Called Strike 0-2: Foul Ball, location: 2F 0-2: Ball 1-2: Ground out 6-3 (Groundball, 6, EV 88.1 MPH)
|
Top of the 2nd over - 0 runs, 1 hit, 0 errors, 1 left on base; San Diego (APP) 5 - Grand Junction 0 |
BOTTOM OF THE 2ND |
Grand Junction Rockies batting - Pitching for San Diego (APP) Padres : RHP Russell MacKay
|
Batting: SHB Oscar Barahona
|
0-0: Swinging Strike 0-1: Called Strike 0-2: Ball 1-2: Ball 2-2: Strikes out swinging
|
Batting: SHB J.D. Newman
|
0-0: Swinging Strike 0-1: Ball 1-1: Ball 2-1: SINGLE (Groundball, 25, EV 65.6 MPH) (infield hit)
|
Batting: RHB Wei-fang Ping
|
0-0: Ball 1-0: Foul Ball, location: 2F 1-1: Ball 2-1: Foul Ball, location: 2F 2-2: Strikes out swinging
|
Batting: RHB Xavier Williams
|
0-0: Ground out U3 (Groundball, 3L, EV 107.5 MPH)
|
Bottom of the 2nd over - 0 runs, 1 hit, 0 errors, 1 left on base; San Diego (APP) 5 - Grand Junction 0 |
TOP OF THE 3RD |
San Diego (APP) Padres batting - Pitching for Grand Junction Rockies : RHP David Landa
|
Batting: RHB Ed Oake
|
0-0: Ball 1-0: Ball 2-0: Ball 3-0: Base on Balls
|
Batting: RHB Brian DeVoe
|
0-0: Ball Wild Pitch! Ed Oake to second 1-0: Ball 2-0: Ball 3-0: Base on Balls
|
Batting: RHB Gabriel Diaz
|
0-0: 3-RUN HOME RUN (Flyball, 7D, EV 101.2 MPH), Distance : 371 ft
|
Batting: RHB Alex Collazo
|
0-0: Ball 1-0: Ground out 5-3 (Groundball, 5, EV 105.6 MPH)
|
Batting: RHB Brian Klinkner
|
0-0: Called Strike 0-1: SINGLE (Line Drive, 8LS, EV 88.1 MPH)
|
Batting: LHB Justin Daley
|
0-0: Ball 1-0: Ball 2-0: Called Strike 2-1: Foul Ball, location: 2F 2-2: SINGLE (Groundball, 34D, EV 105.0 MPH) Brian Klinkner to second Runner from 2nd tries for 3rd, SAFE, throw by RF made to third
|
Pitching: RHP Diego Arredondo
|
|
Batting: RHB Eric McMillian
|
0-0: Called Strike 0-1: Ball 1-1: Ball 2-1: Reached on error, E5 (Groundball, 56, EV 80.6 MPH) Brian Klinkner scores Justin Daley to second
|
Batting: RHB Phil McFadden
|
0-0: Called Strike 0-1: Hit by Pitch Justin Daley to third Eric McMillian to second
|
Batting: RHB Norinaga Yamakawakamatsu
|
0-0: Ball 1-0: Ball 2-0: Foul Ball, location: 2F 2-1: Ball 3-1: Fly out, F6 (Popup, 6M, EV 66.9 MPH)
|
Batting: RHB Ed Oake
|
0-0: Swinging Strike 0-1: Foul Ball, location: 2F 0-2: Ball 1-2: Fielders Choice at 2nd, 6-4 (Groundball, 6, EV 103.1 MPH)
|
Top of the 3rd over - 4 runs, 3 hits, 1 error, 3 left on base; San Diego (APP) 9 - Grand Junction 0 |
BOTTOM OF THE 3RD |
Grand Junction Rockies batting - Pitching for San Diego (APP) Padres : RHP Russell MacKay
|
Batting: RHB Tom Gentry
|
0-0: Ball 1-0: Called Strike 1-1: Ball 2-1: Ball 3-1: Foul Ball, location: 2F 3-2: Strikes out looking
|
Batting: SHB Rich McDonald
|
0-0: Ball 1-0: Ground out 5-3 (Groundball, 56, EV 80.6 MPH)
|
Batting: LHB Georges Lambert
|
0-0: Ball 1-0: Ball 2-0: Swinging Strike 2-1: Ball 3-1: Base on Balls
|
Batting: RHB Dan Hoffman
|
0-0: Called Strike 0-1: Ground out 5-3 (Groundball, 56S, EV 68.8 MPH)
|
Bottom of the 3rd over - 0 runs, 0 hits, 0 errors, 1 left on base; San Diego (APP) 9 - Grand Junction 0 |
TOP OF THE 4TH |
San Diego (APP) Padres batting - Pitching for Grand Junction Rockies : RHP Diego Arredondo
|
Batting: RHB Brian DeVoe
|
0-0: Called Strike 0-1: Foul Ball, location: 2F 0-2: Ground out 5-3 (Groundball, 5, EV 100.6 MPH)
|
Batting: RHB Gabriel Diaz
|
0-0: Called Strike 0-1: Called Strike 0-2: Ball 1-2: Ball 2-2: Ball 3-2: Foul Ball, location: 2F 3-2: Base on Balls
|
Batting: RHB Alex Collazo
|
0-0: Ball 1-0: Foul Ball, location: 2F 1-1: Ball 2-1: Called Strike 2-2: SINGLE (Groundball, 6, EV 96.9 MPH) Gabriel Diaz to second
|
Batting: RHB Brian Klinkner
|
0-0: Ball 1-0: Ball 2-0: Foul Ball, location: 2F 2-1: Foul Ball, location: 2F 2-2: Ball 3-2: Ground out 5-3 (Groundball, 56S, EV 70.6 MPH) Gabriel Diaz to third Alex Collazo to second
|
Batting: LHB Justin Daley
|
0-0: Ball 1-0: Swinging Strike 1-1: Swinging Strike 1-2: Strikes out swinging
|
Top of the 4th over - 0 runs, 1 hit, 0 errors, 2 left on base; San Diego (APP) 9 - Grand Junction 0 |
BOTTOM OF THE 4TH |
Grand Junction Rockies batting - Pitching for San Diego (APP) Padres : RHP Russell MacKay
|
Batting: RHB Edwin Bejarano
|
0-0: Ball 1-0: SOLO HOME RUN (Flyball, 7D, EV 98.8 MPH), Distance : 384 ft
|
Batting: SHB Oscar Barahona
|
0-0: Called Strike 0-1: Called Strike 0-2: Ball 1-2: Foul Ball, location: 2F 1-2: Ground out 6-3 (Groundball, 6, EV 83.1 MPH)
|
Batting: SHB J.D. Newman
|
0-0: Foul Ball, location: 2F 0-1: Foul Ball, location: 2F 0-2: Foul Ball, location: 2F 0-2: Ball 1-2: Ball 2-2: Strikes out swinging
|
Batting: RHB Wei-fang Ping
|
0-0: Ball 1-0: Foul Ball, location: 2F 1-1: Ball 2-1: Ball 3-1: Base on Balls
|
Batting: RHB Xavier Williams
|
0-0: Called Strike 0-1: Ball 1-1: Fly out, F9 (Flyball, 9LS, EV 88.1 MPH)
|
Bottom of the 4th over - 1 run, 1 hit, 0 errors, 1 left on base; San Diego (APP) 9 - Grand Junction 1 |
TOP OF THE 5TH |
San Diego (APP) Padres batting - Pitching for Grand Junction Rockies : RHP Diego Arredondo
|
Pitching: RHP Alex Covarrubias
|
|
Batting: RHB Eric McMillian
|
0-0: Ball 1-0: Ball 2-0: Ball 3-0: Called Strike 3-1: SINGLE (Groundball, 5S, EV 68.1 MPH) (infield hit)
|
Batting: RHB Phil McFadden
|
0-0: Foul Ball, location: 2F 0-1: Ball 1-1: Grounds into double play, 5-4-3 (Groundball, 56, EV 83.8 MPH)
|
Batting: RHB Norinaga Yamakawakamatsu
|
0-0: SOLO HOME RUN (Flyball, 7LD, EV 96.9 MPH), Distance : 360 ft
|
Batting: RHB Ed Oake
|
0-0: Called Strike 0-1: Ball 1-1: Ball 2-1: Swinging Strike 2-2: Ball 3-2: Strikes out swinging
|
Top of the 5th over - 1 run, 2 hits, 0 errors, 0 left on base; San Diego (APP) 10 - Grand Junction 1 |
BOTTOM OF THE 5TH |
Grand Junction Rockies batting - Pitching for San Diego (APP) Padres : RHP Russell MacKay
|
Batting: RHB Tom Gentry
|
0-0: DOUBLE (Line Drive, 78D, EV 112.5 MPH)
|
Batting: SHB Rich McDonald
|
0-0: Ball 1-0: Ground out 4-3 (Groundball, 4S, EV 90.0 MPH) Tom Gentry to third
|
Batting: LHB Georges Lambert
|
0-0: Ground out 6-3 (Groundball, 6MD, EV 81.2 MPH) Tom Gentry scores
|
Batting: RHB Dan Hoffman
|
0-0: Ball 1-0: Ball 2-0: DOUBLE (Line Drive, 89D, EV 105.0 MPH)
|
Batting: RHB Edwin Bejarano
|
0-0: Ball 1-0: Ground out U3 (Groundball, 34, EV 84.4 MPH)
|
Bottom of the 5th over - 1 run, 2 hits, 0 errors, 1 left on base; San Diego (APP) 10 - Grand Junction 2 |
TOP OF THE 6TH |
San Diego (APP) Padres batting - Pitching for Grand Junction Rockies : RHP Alex Covarrubias
|
Batting: RHB Brian DeVoe
|
0-0: Ball 1-0: SOLO HOME RUN (Flyball, 7LD, EV 101.2 MPH), Distance : 375 ft
|
Batting: RHB Gabriel Diaz
|
0-0: Ball 1-0: Ground out 5-3 (Groundball, 56S, EV 80.6 MPH)
|
Pitching: RHP Ricardo Roman
|
|
Batting: RHB Alex Collazo
|
0-0: DOUBLE (Line Drive, 89D, EV 103.8 MPH)
|
Batting: RHB Brian Klinkner
|
0-0: 2-RUN HOME RUN (Flyball, 78XD, EV 115.6 MPH), Distance : 443 ft
|
Batting: LHB Justin Daley
|
0-0: Ground out 4-3 (Groundball, 4S, EV 71.9 MPH)
|
Batting: RHB Eric McMillian
|
0-0: Ball 1-0: Called Strike 1-1: Swinging Strike 1-2: Strikes out swinging
|
Top of the 6th over - 3 runs, 3 hits, 0 errors, 0 left on base; San Diego (APP) 13 - Grand Junction 2 |
BOTTOM OF THE 6TH |
Grand Junction Rockies batting - Pitching for San Diego (APP) Padres : RHP Russell MacKay
|
Batting: SHB Oscar Barahona
|
0-0: Ball 1-0: Called Strike 1-1: Called Strike 1-2: Foul Ball, location: 2F 1-2: Strikes out swinging
|
Batting: SHB J.D. Newman
|
0-0: Ball 1-0: Called Strike 1-1: Foul Ball, location: 2F 1-2: Strikes out swinging
|
Batting: RHB Wei-fang Ping
|
0-0: Called Strike 0-1: SINGLE (Flyball, 3D, EV 81.9 MPH)
|
Pitching: RHP John Stiff
|
|
Batting: RHB Xavier Williams
|
0-0: Ball 1-0: Ball 2-0: Swinging Strike 2-1: Ground out 4-3 (Groundball, 34, EV 83.8 MPH)
|
Bottom of the 6th over - 0 runs, 1 hit, 0 errors, 1 left on base; San Diego (APP) 13 - Grand Junction 2 |
TOP OF THE 7TH |
San Diego (APP) Padres batting - Pitching for Grand Junction Rockies : RHP Ricardo Roman
|
Batting: RHB Phil McFadden
|
0-0: Ball 1-0: Called Strike 1-1: Ball 2-1: Foul Ball, location: 2F 2-2: Ball 3-2: Foul Ball, location: 2F 3-2: Fly out, F8 (Flyball, 8LM, EV 94.4 MPH)
|
Batting: RHB Norinaga Yamakawakamatsu
|
0-0: Ball 1-0: Called Strike 1-1: Ball 2-1: Ball 3-1: Base on Balls
|
Pitching: RHP Joan Coucieiro
|
|
Batting: RHB Ed Oake
|
0-0: Called Strike 0-1: Ball 1-1: Foul Ball, location: 2F 1-2: Ball 2-2: Foul Ball, location: 2F 2-2: Foul Ball, location: 2F 2-2: Foul Ball, location: 2F 2-2: Ball 3-2: Strikes out looking Norinaga Yamakawakamatsu is caught stealing 2nd base 2-4 Batter strikes out.
|
Top of the 7th over - 0 runs, 0 hits, 0 errors, 0 left on base; San Diego (APP) 13 - Grand Junction 2 |
BOTTOM OF THE 7TH |
Grand Junction Rockies batting - Pitching for San Diego (APP) Padres : RHP John Stiff
|
Batting: RHB Tom Gentry
|
0-0: Called Strike 0-1: Fly out, F8 (Flyball, 8RM, EV 93.1 MPH)
|
Batting: SHB Rich McDonald
|
0-0: Ground out 5-3 (Groundball, 56, EV 107.5 MPH)
|
Pitching: LHP Adelino Burns
|
|
Batting: LHB Georges Lambert
|
0-0: Ball 1-0: Ball 2-0: Foul Ball, location: 2F 2-1: Foul Ball, location: 2F 2-2: Ball 3-2: SINGLE (Groundball, 56S, EV 70.0 MPH) (infield hit)
|
Batting: RHB Dan Hoffman
|
0-0: Foul Ball, location: 2F 0-1: Foul Ball, location: 2F 0-2: Fielders Choice at 2nd, 6-4 (Groundball, 6D, EV 101.9 MPH)
|
Bottom of the 7th over - 0 runs, 1 hit, 0 errors, 1 left on base; San Diego (APP) 13 - Grand Junction 2 |
TOP OF THE 8TH |
San Diego (APP) Padres batting - Pitching for Grand Junction Rockies : RHP Joan Coucieiro
|
Batting: RHB Brian DeVoe
|
0-0: Ground out 6-3 (Groundball, 6, EV 85.0 MPH)
|
Batting: RHB Gabriel Diaz
|
0-0: SINGLE (Groundball, 56S, EV 73.1 MPH) (infield hit)
|
Batting: RHB Alex Collazo
|
0-0: Ball 1-0: Ball 2-0: Called Strike 2-1: Foul Ball, location: 2F 2-2: Foul Ball, location: 2F 2-2: Foul Ball, location: 2F 2-2: Foul Ball, location: 2F 2-2: Foul Ball, location: 2F 2-2: Foul Ball, location: 2F 2-2: Strikes out swinging
|
Batting: RHB Brian Klinkner
|
0-0: Ball 1-0: Ball 2-0: Ball 3-0: Base on Balls Gabriel Diaz to second
|
Batting: LHB Justin Daley
|
0-0: 3-RUN HOME RUN (Flyball, 8RXD, EV 112.5 MPH), Distance : 451 ft
|
Pinch Hitting: RHB Max Stillo
|
0-0: Fly out, F9 (Line Drive, 9S, EV 90.6 MPH)
|
Top of the 8th over - 3 runs, 2 hits, 0 errors, 0 left on base; San Diego (APP) 16 - Grand Junction 2 |
BOTTOM OF THE 8TH |
Grand Junction Rockies batting - Pitching for San Diego (APP) Padres : LHP Adelino Burns
|
Now at 2B: Max Stillo
|
|
Batting: RHB Edwin Bejarano
|
0-0: SINGLE (Groundball, 34D, EV 97.5 MPH)
|
Batting: SHB Oscar Barahona
|
0-0: Ball 1-0: Ball 2-0: Ball 3-0: Called Strike 3-1: Called Strike 3-2: 2-RUN HOME RUN (Flyball, 7LD, EV 96.2 MPH), Distance : 364 ft
|
Batting: SHB J.D. Newman
|
0-0: Ball 1-0: Ball 2-0: Ball 3-0: Base on Balls
|
Batting: RHB Wei-fang Ping
|
0-0: Hit by Pitch J.D. Newman to second
|
Batting: RHB Xavier Williams
|
0-0: Swinging Strike 0-1: SINGLE (Line Drive, 8LS, EV 110.6 MPH) J.D. Newman to third Wei-fang Ping to second
|
Batting: RHB Tom Gentry
|
0-0: Ball 1-0: Ball 2-0: Called Strike 2-1: SINGLE (Line Drive, 6M, EV 101.9 MPH) J.D. Newman scores Wei-fang Ping to third Xavier Williams to second
|
Batting: SHB Rich McDonald
|
0-0: Called Strike 0-1: Ball 1-1: Swinging Strike 1-2: Strikes out swinging
|
Pitching: RHP Dave Waterman
|
|
Batting: LHB Georges Lambert
|
0-0: Called Strike 0-1: Ball 1-1: Foul Ball, location: 2F 1-2: Strikes out swinging
|
Batting: RHB Dan Hoffman
|
0-0: Ball 1-0: Ball 2-0: Foul Ball, location: 2F 2-1: Foul Ball, location: 2F 2-2: Ball 3-2: Ground out 5-3 (Groundball, 56, EV 83.1 MPH)
|
Bottom of the 8th over - 3 runs, 4 hits, 0 errors, 3 left on base; San Diego (APP) 16 - Grand Junction 5 |
TOP OF THE 9TH |
San Diego (APP) Padres batting - Pitching for Grand Junction Rockies : RHP Joan Coucieiro
|
Pinch Hitting: RHB Jon Groseclose
|
0-0: Called Strike 0-1: Ball 1-1: Ball 2-1: Swinging Strike 2-2: Strikes out looking
|
Batting: RHB Norinaga Yamakawakamatsu
|
0-0: Called Strike 0-1: Ball 1-1: SINGLE (Flyball, 5D, EV 93.8 MPH)
|
Batting: RHB Ed Oake
|
0-0: Ball 1-0: Called Strike 1-1: Foul Ball, location: 2F 1-2: Ball 2-2: Ball 3-2: Foul Ball, location: 2F 3-2: SINGLE (Flyball, 89S, EV 93.8 MPH) Norinaga Yamakawakamatsu to second Runner from 2nd tries for 3rd, OUT! 8-5
|
Batting: RHB Brian DeVoe
|
0-0: Swinging Strike 0-1: Ball 1-1: Foul Ball, location: 2F 1-2: Ball 2-2: Foul Ball, location: 2F 2-2: Reached on error, E5 (Groundball, 5S, EV 80.0 MPH) Ed Oake to second
|
Batting: RHB Gabriel Diaz
|
0-0: Fly out, F8 (Flyball, 78M, EV 98.1 MPH)
|
Top of the 9th over - 0 runs, 2 hits, 1 error, 2 left on base; San Diego (APP) 16 - Grand Junction 5 |
BOTTOM OF THE 9TH |
Grand Junction Rockies batting - Pitching for San Diego (APP) Padres : RHP Dave Waterman
|
Now at C: Jon Groseclose
|
|
Batting: RHB Edwin Bejarano
|
0-0: Ball 1-0: Called Strike 1-1: Called Strike 1-2: Foul Ball, location: 2F 1-2: Strikes out looking
|
Batting: SHB Oscar Barahona
|
0-0: Called Strike 0-1: Ball 1-1: Ball 2-1: DOUBLE (Flyball, 78D, EV 110.6 MPH)
|
Batting: SHB J.D. Newman
|
0-0: Called Strike 0-1: Swinging Strike 0-2: Strikes out swinging
|
Batting: RHB Wei-fang Ping
|
0-0: Called Strike 0-1: Ball 1-1: Ball 2-1: Foul Ball, location: 2F 2-2: Strikes out looking
|
Bottom of the 9th over - 0 runs, 1 hit, 0 errors, 1 left on base; San Diego (APP) 16 - Grand Junction 5 |
|